Map: Eastwatch LE

Players

BakedButters

  • Race: Protoss Protoss
  • League: Diamond
  • Spawn Location: 1:00

BobbyAwesome - Winner!

  • Race: Protoss Protoss
  • League: Diamond
  • Spawn Location: 7:00

VOD

Have the link to the VOD?

Description

Time

  • Played on: May 3, 2018, 4:49 a.m.
  • Length: 25:27
Show
View Real Time Build Order
Export as new Build Order

BakedButters Protoss 

Build Orders:  

Get SALT Encoding   

  12  0:00  Probe  
  13  0:12  Probe  
  14  0:21  Pylon  
  14  0:24  Probe  
  15  0:37  Probe  
  15  0:41  Gateway  
  16  0:45  Probe  
  16  0:46  Assimilator  
  17  0:54  Probe  
  18  0:58  Assimilator  
  18  1:06  Probe  
  19  1:14  Gateway  
  19  1:18  Probe  
  20  1:28  Cybernetics Core  
  20  1:30  Probe  
  21  1:38  Pylon  
  21  1:42  Probe  
  22  1:54  Probe  
  23  2:05  Stalker x2  
  27  2:09  Probe  
  28  2:18  Warp Gate  
  28  2:26  Gateway  
  28  2:35  Stalker  
  30  2:50  Pylon  
  30  3:08  Stalker  
  30  3:21  Stalker  
  30  3:26  Nexus  
  32  3:36  Pylon  
  32  3:40  Robotics Facility  
  32  3:58  Shield Battery  
  32  4:15  Pylon, Immortal  
  32  4:21  Pylon  
  36  4:33  Stalker  
  36  4:34  Stalker x2  
  42  5:01  Stalker x3  
  48  5:07  Gateway  
  48  5:14  Warp Prism  
  50  5:25  Pylon  
  50  5:27  Stalker  
  52  5:33  Stalker  
  46  6:01  Stalker x2  
  46  6:02  Stalker  
  46  6:29  Stalker  
  46  6:30  Stalker x2  
  48  6:50  Stalker  
  44  6:58  Stalker  
  46  7:02  Stalker x2  
  48  7:13  Stalker  
  48  7:14  Immortal  
  48  7:53  Nexus  
  48  7:58  Immortal  
  52  8:08  Pylon  
  52  8:24  Immortal  
  52  8:27  Shield Battery  
  56  8:55  Immortal  
  55  9:05  Probe  
  55  9:06  Probe  
  61  9:17  Probe  
  62  9:32  Probe x2  
  62  9:34  Immortal  
  68  9:44  Probe x2  
  70  9:47  Assimilator  
  70  9:58  Gateway  
  68  10:24  Twilight Council  
  68  10:28  Zealot x4  
  75  10:44  Probe x2  
  75  10:56  Nexus  
  69  11:00  Immortal  
  69  11:03  Templar Archives  
  73  11:07  Charge  
  73  11:15  Assimilator  
  73  11:21  Probe x2  
  75  11:37  Pylon  
  75  11:38  Pylon  
  75  11:41  Pylon  
  75  11:42  High Templar x3  
  75  11:43  High Templar  
  83  11:49  Gateway  
  83  11:52  Gateway, Archon x2  
  83  11:57  Probe  
  83  12:00  Probe  
  85  12:07  Gateway  
  85  12:10  Gateway, Probe  
  85  12:13  Probe x2  
  88  12:22  Probe  
  89  12:24  Zealot  
  89  12:25  High Templar x2, Probe  
  89  12:29  Archon  
  96  12:39  High Templar  
  96  12:42  Immortal  
  98  12:44  Probe x2  
  98  12:45  Probe  
  98  12:47  High Templar  
  103  12:55  Archon  
  107  13:01  Zealot  
  107  13:02  Zealot x3  
  115  13:14  Zealot  
  117  13:21  Pylon x2  
  117  13:23  Pylon  
  117  13:30  Probe x2  
  117  13:37  Pylon, Probe  
  106  13:42  Probe x2  
  106  13:45  Zealot x2  
  106  13:46  Zealot x6  
  92  14:02  Probe x3  
  93  14:10  High Templar x2  
  93  14:11  High Templar x2  
  93  14:14  Probe  
  102  14:17  Forge  
  102  14:19  Forge  
  102  14:27  Archon x2  
  102  14:30  Assimilator  
  102  14:32  Assimilator  
  102  14:38  Zealot x2  
  102  14:39  Zealot x2  
  110  14:49  Immortal  
  114  15:08  Nexus  
  114  15:12  Zealot x4  
  122  15:23  Probe x2  
  122  15:24  Observer, Probe  
  126  15:29  High Templar  
  126  15:32  High Templar, Zealot x2  
  126  15:33  Zealot x4  
  142  15:36  Archon  
  142  15:47  Assimilator  
  142  15:52  Assimilator  
  142  16:06  Pylon  
  142  16:07  Zealot x3  
  148  16:15  Pylon  
  148  16:17  Pylon  
  141  16:18  Pylon  
  141  16:30  Nexus  
  141  16:33  Pylon  
  130  16:54  Probe  
  131  17:01  Nexus  
  131  17:03  Pylon  
  131  17:07  High Templar x2  
  131  17:08  High Templar x2  
  137  17:14  Forge  
  139  17:17  Forge, Archon  
  139  17:20  Stalker  
  139  17:21  Zealot x2, Stalker  
  146  17:27  Archon  
  146  17:43  Protoss Ground Weapons Level 1, Protoss Ground Armor Level 1  
  145  18:06  Dark Shrine, Probe x2  
  145  18:07  Assimilator, Probe  
  145  18:10  Assimilator  
  148  18:16  Zealot x2  
  148  18:17  Zealot x2  
  156  18:21  Zealot x4  
  146  19:08  Zealot x5  
  146  19:09  Zealot x2  
  142  19:11  Immortal  
  96  19:47  Templar Archives  
  96  19:50  Immortal  
  96  19:51  Probe  
  101  19:59  Probe  
  97  20:06  Probe  
  96  20:17  Zealot x3  
  96  20:18  Stalker x3, Probe  
  96  20:19  Stalker  
  110  20:30  Probe  
  110  20:31  Dark Shrine  
  115  20:36  Photon Cannon  
  115  20:38  Photon Cannon  
  115  20:42  Probe  
  103  20:49  High Templar  
  103  20:50  High Templar x2  
  103  20:51  High Templar x2  
  103  20:52  High Templar  
  107  21:06  Archon  
  107  21:07  Archon  
  107  21:09  Archon  
  106  21:17  Probe x4  
  110  21:29  Probe x2  
  112  21:32  Nexus  
  112  21:36  Forge  
  112  21:38  Forge  
  112  21:41  Probe  
  112  21:52  Dark Templar x4  
  120  21:58  Nexus  
  119  22:06  Protoss Ground Weapons Level 2  
  119  22:07  Protoss Ground Armor Level 2  
  111  22:23  Photon Cannon  
  111  22:25  Photon Cannon  
  111  22:26  Photon Cannon x2  
  109  22:32  Probe x3  
  103  22:44  Probe x2  
  103  22:50  Zealot x6  
  103  22:51  Zealot  
  119  23:02  Probe x3  
  119  23:04  Nexus  
  120  23:14  Probe x2  
  120  23:15  Probe  
  123  23:26  Probe x2  
  125  23:47  Dark Templar x2  
  129  23:50  High Templar  
  129  23:51  High Templar  
  129  23:54  Archon  
  98  24:14  Zealot x2  
  82  24:40  Zealot x2  
  54  25:01  Dark Templar x2  
Show
View Real Time Build Order
Export as new Build Order

BobbyAwesome Protoss - Winner!

Build Orders: Blink Stalkers 

Get SALT Encoding   

  12  0:01  Probe  
  13  0:12  Pylon  
  13  0:17  Probe  
  14  0:31  Gateway  
  14  0:34  Probe  
  15  0:42  Assimilator, Probe  
  16  0:50  Probe  
  17  1:00  Probe  
  18  1:04  Gateway  
  18  1:12  Probe  
  19  1:18  Cybernetics Core  
  19  1:24  Probe  
  20  1:29  Zealot  
  22  1:37  Pylon  
  22  1:46  Warp Gate  
  22  1:47  Stalker, Probe  
  25  2:03  Stalker  
  27  2:09  Probe  
  28  2:27  Adept  
  30  2:43  Nexus  
  30  2:45  Probe  
  31  2:57  Twilight Council  
  31  3:27  Pylon, Blink  
  31  3:29  Assimilator  
  31  3:39  Pylon  
  31  3:40  Gateway  
  31  3:42  Pylon  
  31  3:45  Probe  
  32  3:56  Probe  
  32  3:57  Probe  
  32  4:00  Shield Battery  
  34  4:07  Shield Battery  
  34  4:08  Probe  
  34  4:09  Probe  
  36  4:15  Forge  
  36  4:20  Probe  
  36  4:21  Probe  
  36  4:22  Stalker  
  40  4:27  Stalker  
  42  4:32  Probe  
  42  4:33  Probe  
  42  4:35  Assimilator  
  44  4:44  Probe  
  45  4:45  Protoss Ground Weapons Level 1, Probe  
  45  4:51  Robotics Facility  
  46  4:57  Probe x2  
  48  5:03  Pylon  
  48  5:09  Probe  
  48  5:10  Probe  
  50  5:17  Stalker  
  50  5:19  Assimilator  
  50  5:21  Probe  
  53  5:22  Probe  
  53  5:25  Stalker  
  56  5:33  Probe  
  57  5:37  Gateway  
  55  5:43  Gateway, Observer  
  55  5:46  Zealot x2  
  51  5:57  Zealot  
  45  6:07  Zealot  
  45  6:08  Zealot  
  43  6:19  Stalker  
  43  6:32  Stalker x3  
  46  6:47  Stalker  
  44  6:56  Stalker  
  44  6:58  Stalker x2  
  50  7:11  Stalker  
  50  7:12  Immortal  
  48  7:28  Stalker x2  
  50  7:54  Observer  
  50  8:00  Nexus  
  50  8:06  Protoss Ground Weapons Level 2  
  50  8:33  Pylon  
  50  8:42  Pylon  
  50  8:51  Probe  
  51  8:56  Sentry  
  51  8:57  Sentry  
  51  9:01  Sentry x2  
  59  9:03  Probe  
  59  9:08  Observer  
  60  9:19  Probe x2  
  60  9:21  Pylon  
  62  9:24  Sentry  
  64  9:31  Probe  
  65  9:43  Probe  
  65  9:45  Immortal  
  70  9:49  Probe  
  70  9:51  Probe  
  71  9:57  Probe  
  72  10:02  Charge  
  73  10:36  Immortal  
  73  10:38  Zealot x4  
  77  11:04  Protoss Ground Weapons Level 3  
  77  11:06  Probe  
  77  11:07  Probe  
  79  11:16  Observer  
  80  11:18  Probe  
  80  11:19  Probe  
  82  11:31  Probe x2  
  84  11:36  Zealot  
  86  11:44  Pylon  
  86  11:46  Pylon  
  86  11:50  Pylon  
  86  12:00  Pylon  
  86  12:02  Probe x2, Immortal  
  92  12:14  Probe  
  92  12:15  Zealot x4  
  101  12:22  Templar Archives  
  101  12:26  Probe  
  102  12:39  Gateway  
  102  12:42  Gateway  
  102  12:43  Warp Prism  
  104  13:06  High Templar x5  
  104  13:12  Archon x2  
  114  13:16  Gateway  
  114  13:21  Nexus  
  88  13:49  Zealot x6  
  88  14:03  Pylon  
  88  14:11  High Templar x6  
  88  14:12  Pylon  
  88  14:13  Observer  
  88  14:14  Archon  
  88  14:15  Archon  
  88  14:16  Archon  
  100  14:29  Robotics Bay  
  99  14:31  Robotics Facility  
  99  14:46  Probe x2  
  101  14:59  Probe x3  
  104  15:09  High Templar x2  
  104  15:13  Archon  
  108  15:21  Zealot x4  
  110  15:22  Zealot  
  118  15:33  Disruptor x2  
  118  15:41  Protoss Shields Level 1  
  118  15:48  Pylon  
  124  16:04  Zealot x5  
  129  16:23  Zealot x4  
  111  16:46  High Templar x3  
  115  16:48  Zealot x5  
  126  16:54  Probe x3  
  128  17:06  Probe  
  129  17:09  Probe x2  
  131  17:18  Probe  
  132  17:23  Zealot x2  
  132  17:25  Probe  
  132  17:26  Disruptor, Probe  
  141  17:40  Disruptor  
  140  18:01  Archon  
  140  18:02  Shield Battery  
  140  18:13  Zealot x5  
  140  18:15  Probe x2  
  140  18:16  Disruptor  
  151  18:52  Zealot x4  
  107  19:26  High Templar  
  107  19:27  Zealot x5  
  78  19:47  Zealot x5  
  88  19:55  Pylon  
  88  20:19  Zealot x6  
  86  20:40  Zealot x6  
  86  21:14  Zealot x7  
  100  21:21  Probe  
  101  21:37  Nexus  
  99  22:05  Disruptor  
  101  22:09  Zealot x6  
  105  22:28  Observer  
  101  22:36  Stalker x4  
  100  22:49  Zealot x4  
  102  22:56  Observer  
  91  23:12  Disruptor  
  86  23:16  Zealot x7  
  78  24:28  Stalker x4  
  78  24:29  Zealot x4  
  57  25:00  Observer  
  57  25:03  Observer  
  58  25:13  Stalker x5  
Tags
 
Add a new tag
Caveats
  • Supply blocks, unpowered buildings, or Contaminate may cause inaccurate times.
  • Supply counts are checked every 10 seconds.